Map: [ESL] Crimson Court

Players

Harstem - Winner!

  • Race: Protoss Protoss
  • League: Master
  • Spawn Location: 1:00

SKillous

  • Race: Protoss Protoss
  • League: Grandmaster
  • Spawn Location: 7:00

Event: Bellum Gens Elite Stara Zagora 2024

VOD

Have the link to the VOD?

Description

Time

  • Played on: Sept. 7, 2024, 7:46 a.m.
  • Length: 9:36

All games in this series

Show
View Real Time Build Order
Export as new Build Order

Harstem Protoss - Winner!

Build Orders: Phoenix Opening 

Get SALT Encoding   

  12  0:00  Probe  
  13  0:12  Probe  
  14  0:17  Pylon  
  14  0:24  Probe (Chrono Boost)  
  15  0:37  Gateway, Probe (Chrono Boost)  
  16  0:45  Probe (Chrono Boost)  
  16  0:46  Assimilator  
  17  0:51  Probe  
  17  0:54  Assimilator  
  18  1:03  Probe (Chrono Boost)  
  19  1:07  Gateway  
  19  1:12  Probe (Chrono Boost)  
  19  1:17  Probe (Chrono Boost)  
  20  1:24  Cybernetics Core  
  21  1:29  Probe  
  22  1:36  Pylon  
  22  1:41  Probe  
  23  1:54  Probe  
  24  1:57  Warp Gate (Chrono Boost)  
  26  2:05  Sentry  
  26  2:07  Probe  
  27  2:17  Nexus  
  27  2:18  Sentry  
  29  2:25  Pylon  
  29  2:32  Sentry  
  31  2:43  Shield Battery, Probe  
  32  2:53  Robotics Facility  
  32  2:55  Probe  
  33  3:00  Stalker  
  35  3:08  Probe  
  35  3:12  Phoenix  
  35  3:13  Stalker  
  37  3:20  Probe  
  38  3:30  Probe  
  38  3:33  Probe  
  40  3:39  Stalker  
  42  3:43  Probe (Chrono Boost)  
  44  3:50  Probe (Chrono Boost)  
  44  3:51  Observer  
  44  3:52  Stalker  
  44  3:54  Probe (Chrono Boost)  
  48  3:59  Probe x2 (Chrono Boost)  
  50  4:06  Pylon  
  50  4:09  Stalker, Probe  
  53  4:10  Probe  
  53  4:16  Pylon  
  54  4:20  Forge  
  54  4:24  Probe x2  
  56  4:34  Phoenix  
  56  4:36  Probe (Chrono Boost)  
  58  4:40  Probe (Chrono Boost)  
  58  4:41  Assimilator  
  58  4:42  Assimilator  
  58  4:43  Stalker, Twilight Council  
  60  4:48  Probe (Chrono Boost)  
  60  4:52  Probe (Chrono Boost)  
  62  4:53  Protoss Ground Weapons Level 1, Probe (Chrono Boost)  
  63  5:00  Probe  
  63  5:02  Observer, Pylon  
  65  5:07  Probe  
  65  5:13  Probe  
  65  5:15  Nexus  
  65  5:16  Pylon  
  65  5:19  Probe  
  66  5:25  Probe  
  67  5:29  Immortal (Chrono Boost)  
  67  5:34  Probe  
  72  5:37  Probe  
  72  5:39  Resonating Glaives (Chrono Boost)  
  73  5:46  Probe  
  73  5:48  Shield Battery  
  74  5:51  Gateway  
  74  5:52  Probe  
  74  5:53  Gateway  
  75  5:59  Immortal (Chrono Boost)  
  80  6:09  Gateway x2  
  79  6:15  Gateway  
  79  6:20  Gateway  
  79  6:28  Stalker, Warp Prism (Chrono Boost)  
  79  6:29  Immortal (Chrono Boost)  
  85  6:35  Pylon  
  85  6:37  Probe  
  85  6:38  Probe  
  86  6:41  Stalker  
  86  6:49  Probe  
  86  6:52  Adept x3  
  91  6:54  Protoss Ground Weapons Level 2 (Chrono Boost)  
  91  6:58  Warp Prism (Chrono Boost)  
  93  7:06  Adept, Pylon  
  93  7:08  Adept  
  97  7:12  Adept  
  99  7:18  Adept x3  
  105  7:23  Pylon  
  105  7:27  Adept x2  
  109  7:39  Adept x5  
  113  7:55  Adept x4  
  119  8:06  Adept x4  
  103  8:13  Adept x3  
  103  8:16  Adept  
  105  8:21  Probe  
  105  8:26  Adept x4  
  114  8:34  Adept x3  
  116  8:38  Adept  
  114  8:48  Adept x4  
  110  8:58  Adept x2  
  110  8:59  Adept x2  
  104  9:08  Adept x4  
  104  9:19  Adept x4  
  104  9:23  Probe  
  105  9:29  Adept x4  
Show
View Real Time Build Order
Export as new Build Order

SKillous Protoss 

Build Orders: Oracle Opening, Zealot Archon 

Get SALT Encoding   

  12  0:00  Probe  
  13  0:12  Probe  
  14  0:17  Pylon  
  14  0:24  Probe (Chrono Boost)  
  15  0:36  Gateway, Probe (Chrono Boost)  
  16  0:44  Probe (Chrono Boost)  
  16  0:45  Assimilator  
  17  0:50  Probe  
  17  0:53  Assimilator  
  18  1:03  Probe (Chrono Boost)  
  19  1:07  Gateway  
  19  1:13  Probe (Chrono Boost)  
  19  1:18  Probe (Chrono Boost)  
  20  1:23  Cybernetics Core  
  21  1:29  Probe  
  22  1:33  Pylon  
  22  1:41  Probe  
  23  1:53  Probe  
  24  1:59  Stalker x2  
  24  2:00  Warp Gate  
  28  2:05  Probe  
  29  2:14  Pylon  
  29  2:17  Probe  
  30  2:27  Stargate  
  30  2:47  Nexus  
  30  2:49  Probe  
  31  3:01  Probe  
  32  3:08  Oracle (Chrono Boost)  
  35  3:13  Pylon  
  35  3:16  Probe  
  36  3:28  Probe  
  37  3:35  Oracle (Chrono Boost)  
  37  3:37  Shield Battery  
  37  3:40  Probe  
  41  3:41  Twilight Council  
  41  3:49  Gateway  
  41  3:55  Probe (Chrono Boost)  
  42  3:59  Probe (Chrono Boost)  
  43  4:09  Probe x2 (Chrono Boost)  
  45  4:13  Stalker  
  45  4:14  Probe (Chrono Boost)  
  45  4:16  Blink (Chrono Boost)  
  45  4:17  Probe  
  49  4:26  Stalker, Probe  
  49  4:29  Probe  
  53  4:38  Probe  
  54  4:41  Probe  
  54  4:42  Stalker  
  54  4:43  Pylon  
  57  4:47  Stalker  
  57  4:51  Stalker  
  57  4:52  Pylon  
  61  5:04  Nexus  
  61  5:07  Probe x2  
  63  5:15  Gateway  
  63  5:16  Forge  
  63  5:19  Probe x2  
  65  5:31  Probe  
  65  5:32  Probe  
  67  5:37  Gateway x2  
  67  5:44  Probe  
  67  5:46  Stalker x3  
  74  5:53  Probe  
  74  5:54  Protoss Ground Weapons Level 1 (Chrono Boost)  
  75  5:57  Shield Battery, Probe  
  75  5:59  Charge (Chrono Boost)  
  76  6:08  Unknown  
  76  6:12  Gateway  
  76  6:13  Gateway  
  76  6:16  Photon Cannon  
  76  6:17  Probe x2  
  79  6:25  Gateway  
  78  6:27  Gateway  
  78  6:29  Stalker  
  80  6:38  Probe x2  
  82  6:41  Probe  
  80  6:47  Zealot x3, Robotics Facility  
  80  6:50  Probe  
  80  6:51  Probe  
  80  6:53  Probe  
  89  6:55  Templar Archives  
  89  6:59  Pylon  
  89  7:01  Zealot, Sentry  
  91  7:03  Pylon  
  91  7:04  Pylon  
  91  7:08  Pylon  
  93  7:19  Zealot x4  
  101  7:23  Photon Cannon  
  101  7:27  Zealot x4  
  109  7:33  High Templar x2  
  113  7:42  Zealot x4  
  120  7:45  Archon  
  122  7:52  Zealot  
  122  7:55  Zealot x2  
  124  8:03  Zealot x4  
  117  8:09  Zealot x3  
  117  8:12  Probe  
  104  8:17  High Templar  
  104  8:18  Zealot, High Templar  
  100  8:22  Archon  
  100  8:24  Zealot x4  
  106  8:31  Zealot x3  
  109  8:40  Zealot  
  109  8:41  Templar Archives  
  111  8:48  Zealot x4  
  104  8:59  Zealot  
  104  9:00  Zealot x4  
  85  9:07  Zealot  
  85  9:08  Zealot  
  84  9:10  Zealot x2  
  84  9:11  Zealot  
  84  9:14  Pylon  
  72  9:20  Zealot x2  
  72  9:24  Zealot x2  
Tags
 
Add a new tag
Caveats
  • Supply blocks, unpowered buildings, or Contaminate may cause inaccurate times.
  • Supply counts are checked every 10 seconds.